 Dungeon Sprint DCSS version 0.30-a0-1161-g0704695555 (webtiles) character file.

Game seed: 13000633917020663952

2600000 123456 the Infernalist (level 15, -22/144 HPs)
             Began as an Armataur Wanderer on Apr 27, 2023.
             Was an Elder of Makhleb.
             Annihilated by a meat berserker
             ... wielding a +9 battleaxe
              (67 damage)
             ... in the Dungeon (Sprint VIII: "Arena of Blood").
             The game lasted 00:00:32 (26 turns).

123456 the Infernalist (Armataur Wanderer)            Turns: 26, Time: 00:00:33

Health: -22/144    AC:  6    Str: 17    XL:     15   Next: 86%
Magic:  5/24       EV:  9    Int: 15    God:    Makhleb [****..]
Gold:   0          SH:  0    Dex: 15    Spells: 25/26 levels left

rFire   . . .        k - +∞ Axe of Woe
rCold   . . .        (shield currently unavailable)
rNeg    . . .        e - +0 leather armour
rPois   .            (no helmet)
rElec   .            (no cloak)
rCorr   .            (no gloves)
SInv    .            (no barding)
Will    +....        (no amulet)
Stlth   +++++++      (no ring)
HPRegen 0.44/turn    (no ring)
MPRegen 0.19/turn

%: no teleportation, roll
@: no status effects
A: large, rugged brown scales 3, deformed body, armoured tail, roll, long
tongue, awkward tongue
a: Renounce Religion, Minor Destruction, Lesser Servant of Makhleb, Major
Destruction


You were in the Dungeon.
You worshipped Makhleb.
Makhleb was greatly pleased with you.
You visited 1 branch

Inventory:

Hand Weapons
 a - a +0 falchion
 c - a +0 dagger
 k - the +∞ Axe of Woe (weapon)
   (You found it in the Dungeon)
Missiles
 b - 7 boomerangs (quivered)
Armour
 e - a +0 leather armour (worn)
Scrolls
 d - 2 scrolls of blinking
Potions
 f - a potion of curing
 g - a potion of heal wounds
 h - a potion of haste
 i - 2 potions of magic
 j - a potion of berserk rage


   Skills:
 + Level 13.0 Fighting
 + Level 9.0 Long Blades
 + Level 19.8 Axes
 + Level 16.9 Throwing
 + Level 11.4 Armour
 + Level 18.8 Stealth
 + Level 6.1 Spellcasting
 O Level 27 Fire Magic


You had 25 spell levels left.
You knew the following spells:

 Your Spells              Type           Power      Damage    Failure   Level
a - Foxfire               Conj/Fire      100%       2x1d9     1%          1

Your spell library contained the following spells:

 Spells                   Type           Power      Damage    Failure   Level
 Volatile Blastmotes      Fire/Tloc      90%        2d17      1%          3
 Sticky Flame             Conj/Fire      45%        2d6       1%          4


Dungeon Overview and Level Annotations

Branches:
Dungeon (1/1)

Altars:
Makhleb


Innate Abilities, Weirdness & Mutations

You are completely covered in rugged brown scales. (AC +3, +7% HP)
Armour fits poorly on your strangely shaped body.
You have a long armoured tail.
You roll when moving toward enemies. (Rampage)
Your long tongue fully drains potion bottles. (2x potion effects)
Your tongue gives you trouble enunciating. (1.5x scroll delay)


Message History

Unknown command.
The large bag of meat shouts in stereo!
You slash the meat berserker!
You hew the meat berserker savagely.
You kill the meat berserker!
Makhleb accepts your kill.
You can now hurl Makhleb's greater destruction.
You hear a shout! x5
A bag of meat comes into view. It is wielding a +9 war axe.
You hear a shout! x3
Your Fighting skill gained 2 levels and is now at level 12!
Your Axes skill gained 2 levels and is now at level 19!
Your Throwing skill increases to level 16!
Your Armour skill increases to level 11!
Your Stealth skill increases to level 18! 2 meat berserkers come into view.
Unknown command.
Unknown command.
You hear a shout! x5
A destroyer comes into view. It is wielding a +9 heavy great sword.
You hear a shout! x2
Items here: ))) === †††.
You slash the bag of meat!
You slaughter the bag of meat joyfully.
You kill the bag of meat!
Makhleb accepts your kill.
You hear a shout! x5
The destroyer gestures at you while chanting.
The destroyer blinks!
You hear a shout! x2
Your Fighting skill increases to level 13!
Your Long Blades skill increases to level 9!
Your Spellcasting skill increases to level 6!
Unknown command.
Unknown command.
Unknown command.
You slash the bag of meat! You chop the bag of meat into pieces.
You kill the bag of meat!
Makhleb accepts your kill.
You hear a shout! x6
The meat berserker hits you with a +9 battleaxe!!!
You die...

... ..... #O. ...#
. #.. ...# .
..###.. ...###..
......O###.....o
......o._....... .
#....)# ...
#_.OO_#
.....#..@)V#...
......)._oO.......
......)###o.......
..###.. ...###...
. #.. ...# .. #..
..o.# ... .....
........... ....


You could see a destroyer, a large bag of meat (inner flame), 4 meat berserkers
and 3 bags of meat.

Vanquished Creatures
  3 ogres (D)
  10 orcs (D)
13 creatures vanquished.

Notes
Turn   | Place    | Note
-------+----------+-------------------------------------------
     0 | D        | Found the +∞ Axe of Woe
     0 | D        | 123456 the Armataur Wanderer began the quest for the Orb.
     0 | D        | 123456 set off with the following items: a +0 falchion, 7
                  | boomerangs, a +0 dagger, 2 scrolls of blinking, a +0
                  | leather armour, a potion of curing, a potion of heal
                  | wounds, a potion of haste, 2 potions of magic, a potion of
                  | berserk rage; and the following spell memorised: Foxfire;
                  | and the following spells available to memorise: Volatile
                  | Blastmotes, Sticky Flame.
     0 | D        | Reached XP level 1. HP: 14/14 MP: 2/2
     2 | D        | Noticed a meat berserker
     3 | D        | Noticed a bag of meat
     4 | D        | Became a worshipper of Makhleb the Destroyer
     6 | D        | Killed a meat berserker
     6 | D        | Noticed a bag of meat
     7 | D        | Reached skill level 24 in Fire Magic
     7 | D        | Reached XP level 2. HP: 21/21 MP: 2/5
     7 | D        | Reached XP level 3. HP: 27/27 MP: 2/6
     7 | D        | Reached XP level 4. HP: 35/35 MP: 2/7
     7 | D        | Reached XP level 5. HP: 40/40 MP: 2/8
     7 | D        | Reached XP level 6. HP: 48/48 MP: 2/9
     7 | D        | Reached XP level 7. HP: 53/53 MP: 2/10
     7 | D        | Reached XP level 8. HP: 60/60 MP: 2/11
     7 | D        | Reached XP level 9. HP: 66/66 MP: 2/12
     7 | D        | Reached XP level 10. HP: 73/73 MP: 2/13
     7 | D        | Reached XP level 11. HP: 79/79 MP: 2/14
     7 | D        | Noticed a bag of meat
     8 | D        | Noticed a bag of meat
     8 | D        | Killed a bag of meat
     8 | D        | Reached * piety under Makhleb
     8 | D        | Noticed a meat berserker
     9 | D        | Reached skill level 5 in Axes
     9 | D        | Reached skill level 26 in Fire Magic
     9 | D        | Reached XP level 12. HP: 86/86 MP: 2/15
     9 | D        | Killed a bag of meat
     9 | D        | Noticed a bag of meat
     9 | D        | Noticed a bag of meat
    10 | D        | Reached skill level 5 in Long Blades
    10 | D        | Reached skill level 10 in Stealth
    10 | D        | Reached skill level 27 in Fire Magic
    10 | D        | Reached XP level 13. HP: 59/92 MP: 2/16
    10 | D        | Killed a bag of meat
    10 | D        | Noticed a bag of meat
    10 | D        | Noticed a bag of meat
    11 | D        | Reached skill level 5 in Armour
    11 | D        | Noticed a meat berserker
    12 | D        | Killed a bag of meat
    12 | D        | Reached ** piety under Makhleb
    12 | D        | Killed a bag of meat
    13 | D        | Reached XP level 14. HP: 58/117 MP: 3/20
    13 | D        | Killed a meat berserker
    14 | D        | Reached skill level 15 in Stealth
    14 | D        | Reached skill level 5 in Spellcasting
    15 | D        | Noticed a bag of meat
    16 | D        | Noticed a bag of meat
    17 | D        | Killed a bag of meat
    17 | D        | Reached *** piety under Makhleb
    18 | D        | Reached skill level 15 in Axes
    18 | D        | Noticed a bag of meat
    18 | D        | Noticed a bag of meat
    21 | D        | Killed a bag of meat
    21 | D        | Noticed a meat berserker
    21 | D        | Noticed a bag of meat
    21 | D        | Noticed a bag of meat
    22 | D        | Reached skill level 10 in Fighting
    22 | D        | Reached skill level 15 in Throwing
    22 | D        | Reached XP level 15. HP: 114/134 MP: 4/23
    22 | D        | Noticed a meat berserker
    22 | D        | Noticed a meat berserker
    22 | D        | Noticed a large bag of meat
    23 | D        | Reached skill level 10 in Armour
    23 | D        | Killed a meat berserker
    23 | D        | Reached **** piety under Makhleb
    24 | D        | Noticed a meat berserker
    24 | D        | Noticed a meat berserker
    24 | D        | Noticed a destroyer
    26 | D        | Annihilated by a meat berserker

Illustrated notes

Levels and vault maps discovered:
D:        meatsprint

Skill      XL: |  1  2  3  4  5  6  7  8  9 10 11 12 13 14 15 |
---------------+----------------------------------------------+-----
Long Blades    | 3 4 5 7 8 9 |  9.0
Axes           | 4 5 6 11 16 19 | 19.8
Throwing       | 7 8 9 13 15 16 | 16.9
Stealth        | 8 9 10 14 16 18 | 18.8
Spellcasting   | 2 4 5 6 |  6.1
Fire Magic     | 24 26 27 | 27.0
Armour         | 3 7 9 11 | 11.4
Fighting       | 6 10 13 | 13.0

Action                     |  1- 3 |  4- 6 |  7- 9 | 10-12 | 13-15 || total
---------------------------+-------+-------+-------+-------+-------++-------
  Melee: Executioner's axe |     1 |       |       |     2 |     9 ||    12

Table legend: (Time is in decaauts)
 A = Elapsed time spent in this place.
 B = Non-inter-level travel time spent in this place.
 C = Inter-level travel time spent in this place.
 D = Time resting spent in this place.
 E = Time spent auto-exploring this place.
 F = Levels seen in this place.
 G = Mean time per level.
                   A        B        C        D        E       F      G
               +--------+--------+--------+--------+--------+-----+--------+
         Total |     29 |     29 |      0 |      0 |      0 |   1 |   29.0 |
       Dungeon |     29 |     29 |      0 |      0 |      0 |   1 |   29.0 |
               +--------+--------+--------+--------+--------+-----+--------+

Top non-repeatable levels by time:
       D: 29 daAuts
